Map: [G8] Gresvan

Players

Reynor - Winner!

  • Race: Zerg Zerg
  • Spawn Location: 5:00

Cure

  • Race: Terran Terran
  • Spawn Location: 11:00

Event: Gamers8 2023

VOD

Have the link to the VOD?

Description

Time

  • Played on: Aug. 6, 2023, 2:39 p.m.
  • Length: 15:10

All games in this series

Show
View Real Time Build Order
Export as new Build Order

Reynor Zerg - Winner!

Build Orders: Hatch First 

Get SALT Encoding   

  12  0:00  Drone  
  13  0:12  Overlord  
  13  0:16  Drone  
  14  0:30  Drone x2  
  16  0:47  Hatchery  
  15  0:50  Drone  
  15  0:53  Drone  
  17  0:57  Drone  
  18  1:07  Extractor  
  17  1:12  Spawning Pool  
  17  1:16  Drone  
  17  1:18  Drone  
  18  1:27  Drone  
  19  1:38  Drone  
  20  1:48  Drone  
  21  1:59  Queen x2  
  21  2:00  Zergling x4  
  27  2:12  Hatchery  
  26  2:18  Overlord  
  26  2:23  Metabolic Boost  
  26  2:27  Drone  
  27  2:30  Drone  
  28  2:38  Queen  
  28  2:41  Zergling x2  
  28  2:42  Zergling x2  
  32  2:46  Zergling x2  
  32  2:48  Drone  
  32  2:50  Drone  
  35  2:54  Overlord  
  35  2:58  Drone  
  35  3:05  Overlord  
  34  3:07  Drone  
  35  3:13  Drone x3  
  35  3:14  Drone  
  39  3:20  Queen  
  39  3:23  Drone  
  39  3:25  Drone  
  43  3:27  Drone  
  43  3:32  Queen  
  43  3:34  Drone  
  47  3:36  Drone  
  47  3:39  Drone  
  49  3:44  Overlord  
  49  3:46  Drone x2  
  51  3:49  Drone x2  
  51  3:50  Drone  
  51  3:51  Drone  
  51  3:54  Drone x2  
  56  3:57  Overlord  
  56  4:01  Drone  
  56  4:02  Overlord  
  57  4:10  Overlord  
  57  4:11  Drone x2  
  57  4:13  Drone x2  
  57  4:15  Overlord  
  60  4:19  Queen  
  60  4:21  Drone x2  
  60  4:23  Drone  
  65  4:26  Queen  
  65  4:31  Drone x2  
  69  4:32  Drone  
  69  4:35  Queen  
  72  4:41  Drone  
  72  4:42  Hatchery  
  72  4:43  Drone x2  
  74  4:46  Spore Crawler  
  74  4:52  Zergling x12  
  79  4:54  Extractor, Drone x2  
  79  4:55  Drone x2  
  79  4:58  Drone x2  
  84  5:04  Evolution Chamber x2, Spore Crawler  
  84  5:05  Drone  
  82  5:07  Drone  
  82  5:09  Drone  
  84  5:16  Overlord  
  84  5:17  Queen, Drone  
  84  5:20  Drone x5  
  84  5:21  Drone x2  
  94  5:24  Overlord, Drone  
  94  5:25  Drone  
  94  5:27  Extractor  
  95  5:34  Zerg Ground Armor Level 1  
  95  5:35  Drone x3  
  98  5:37  Extractor x2  
  98  5:38  Extractor  
  98  5:39  Drone  
  98  5:40  Drone  
  98  5:41  Lair  
  97  5:43  Drone  
  97  5:48  Drone x2  
  97  5:49  Spore Crawler, Zergling x6  
  102  5:52  Zergling x4  
  102  5:55  Zergling x4  
  102  5:56  Baneling Nest, Zergling x4  
  100  6:04  Drone  
  100  6:05  Drone  
  100  6:06  Drone  
  100  6:09  Zerg Melee Weapons Level 1  
  103  6:14  Queen, Drone x2  
  103  6:16  Drone x3  
  103  6:17  Drone x3  
  113  6:19  Zergling x8  
  113  6:21  Queen  
  113  6:24  Drone  
  113  6:25  Overlord  
  120  6:26  Overlord  
  120  6:29  Overlord  
  120  6:35  Overlord  
  119  6:43  Zergling x6  
  119  6:44  Zergling x2  
  119  6:45  Centrifugal Hooks, Drone x3  
  119  6:46  Drone x2  
  119  6:49  Zergling x10  
  119  6:51  Overlord  
  119  6:52  Drone  
  125  6:54  Drone  
  125  6:58  Zergling x4, Spore Crawler  
  127  7:03  Zergling x6  
  127  7:06  Zergling x2  
  131  7:12  Zergling x4  
  131  7:13  Spire  
  132  7:17  Zergling x8  
  135  7:23  Zergling x2  
  135  7:24  Zergling x2  
  135  7:25  Hatchery  
  135  7:26  Drone x4  
  135  7:27  Drone x2  
  135  7:28  Extractor  
  141  7:30  Extractor  
  141  7:33  Baneling x2  
  141  7:34  Baneling x5  
  141  7:35  Overlord  
  141  7:36  Drone x2  
  142  7:38  Drone x2  
  142  7:40  Overlord  
  142  7:42  Baneling x6  
  144  7:44  Baneling x2  
  144  7:46  Baneling x5  
  144  7:47  Baneling  
  144  7:48  Overlord  
  144  7:56  Hatchery, Zergling x4  
  144  7:57  Queen  
  144  8:01  Zergling x4  
  142  8:06  Zergling x14  
  142  8:07  Zergling x6  
  142  8:09  Overlord  
  146  8:14  Zergling x2  
  146  8:15  Zergling x12  
  146  8:17  Zergling x2  
  148  8:20  Zergling x2  
  149  8:33  Mutalisk x5  
  159  8:37  Baneling  
  159  8:38  Baneling x5  
  159  8:39  Overlord  
  155  8:41  Mutalisk x6  
  155  8:44  Zergling x8  
  165  8:50  Overlord x3  
  165  8:56  Queen  
  165  8:58  Baneling x11  
  165  8:59  Zergling x14  
  174  9:06  Overlord  
  173  9:10  Zergling x26  
  184  9:18  Zergling x8  
  184  9:21  Zerg Melee Weapons Level 2, Zerg Ground Armor Level 2  
  182  9:26  Baneling x4  
  182  9:27  Drone x3  
  185  9:31  Zergling x2  
  185  9:32  Zergling x6  
  185  9:34  Zergling x4  
  189  9:41  Baneling x9  
  189  9:43  Zergling x10  
  192  9:50  Zergling x4  
  192  9:52  Zergling x6  
  197  9:53  Zergling x4  
  195  10:12  Mutalisk x5  
  196  10:14  Drone x6  
  196  10:15  Extractor  
  196  10:17  Extractor  
  196  10:19  Zergling x4  
  200  10:23  Hatchery  
  200  10:26  Overlord  
  192  10:30  Zergling x18  
  192  10:34  Overlord  
  193  10:37  Baneling x11  
  193  10:38  Baneling x6  
  193  10:42  Zergling x12  
  198  10:54  Baneling x12  
  194  10:59  Hatchery  
  192  11:13  Zerg Flyer Weapons Level 1  
  192  11:18  Infestation Pit  
  191  11:19  Zergling x18  
  200  11:36  Baneling x11  
  200  11:37  Burrow  
  200  11:44  Mutalisk  
  200  11:58  Mutalisk  
  196  12:02  Zergling x14  
  196  12:05  Zergling x32  
  196  12:08  Zergling x18  
  192  12:11  Zergling x6  
  192  12:13  Hive  
  190  12:16  Baneling x12  
  190  12:17  Baneling x13  
  190  12:18  Zergling x12  
  190  12:19  Queen  
  190  12:20  Zergling x2  
  197  12:42  Zergling x4  
  199  12:48  Zergling x20  
  199  12:55  Zergling x6  
  200  13:02  Zergling x8  
  200  13:03  Zergling x12  
  194  13:06  Spawning Pool  
  168  13:21  Mutalisk x8  
  168  13:22  Mutalisk x3  
  185  13:30  Ultralisk Cavern  
  167  13:51  Overseer  
  167  13:54  Zergling x2  
  167  13:55  Zergling x40  
  188  14:00  Zergling x10  
  188  14:01  Zergling x12  
  191  14:04  Baneling x7  
  191  14:05  Queen, Baneling x9  
  191  14:06  Zergling x8  
  198  14:10  Zergling x2  
  198  14:11  Hatchery  
  198  14:15  Zergling x6  
  199  14:20  Zergling x4  
  196  14:29  Zergling x22  
  180  14:32  Zergling x2  
  180  14:38  Zergling x2  
  179  14:41  Zergling x4  
  177  14:46  Zergling x6  
  177  14:51  Zergling x2  
Show
View Real Time Build Order
Export as new Build Order

Cure Terran 

Build Orders:  

Get SALT Encoding   

  12  0:00  SCV  
  13  0:12  SCV  
  14  0:17  Supply Depot  
  14  0:24  SCV  
  15  0:39  SCV  
  15  0:40  Barracks  
  16  0:43  Refinery  
  16  0:51  SCV  
  17  0:58  Barracks  
  17  1:03  SCV  
  18  1:15  SCV  
  19  1:27  Orbital Command, Reaper  
  19  1:30  Supply Depot  
  20  1:45  Reaper  
  21  1:53  SCV  
  22  2:03  Reaper  
  22  2:05  SCV  
  24  2:10  Command Center  
  24  2:16  Refinery  
  24  2:17  SCV  
  25  2:29  SCV  
  26  2:41  Factory, SCV  
  27  2:54  Command Center  
  27  2:56  SCV  
  28  3:01  Barracks Reactor, Barracks Tech Lab  
  28  3:09  SCV  
  28  3:21  SCV, Orbital Command  
  28  3:25  Factory Reactor  
  28  3:27  Starport, Marine  
  29  3:33  SCV  
  31  3:40  Marine x2  
  33  3:44  Marine  
  33  3:45  SCV  
  36  3:48  SCV  
  36  3:57  SCV  
  36  4:00  SCV  
  41  4:02  Hellion  
  41  4:03  Hellion  
  41  4:04  Marine x2  
  41  4:06  Barracks Tech Lab  
  41  4:09  SCV, Orbital Command  
  44  4:18  SCV  
  44  4:21  SCV  
  44  4:23  Liberator  
  50  4:26  Stimpack  
  50  4:29  Hellion x2  
  53  4:32  SCV  
  53  4:33  SCV  
  53  4:35  Marine  
  53  4:36  Marine  
  58  4:39  SCV  
  58  4:42  Supply Depot  
  58  4:44  SCV  
  60  4:45  SCV  
  60  4:51  Refinery, SCV  
  61  4:52  Refinery  
  61  4:53  Supply Depot  
  61  5:03  Marine x3, Orbital Command  
  61  5:04  SCV x2  
  66  5:12  Engineering Bay  
  66  5:13  Engineering Bay  
  66  5:14  Medivac  
  68  5:15  Medivac  
  68  5:16  SCV x2  
  68  5:20  Factory Tech Lab, Supply Depot  
  72  5:21  Marine x3  
  72  5:28  SCV x2  
  77  5:34  Supply Depot  
  77  5:35  Supply Depot  
  77  5:41  Marine x3, SCV  
  81  5:42  Terran Infantry Weapons Level 1  
  81  5:43  Terran Infantry Armor Level 1  
  81  5:50  Barracks, SCV x2  
  81  5:55  Starport Reactor  
  82  5:59  Siege Tank, Marine x3  
  82  6:03  SCV x2  
  90  6:05  SCV  
  90  6:08  Combat Shield  
  91  6:14  Supply Depot  
  91  6:19  Barracks x2  
  91  6:21  Marine x3  
  94  6:28  SCV x3  
  94  6:31  Siege Tank  
  100  6:34  Supply Depot  
  100  6:37  Medivac x2  
  104  6:45  Marine x5  
  106  6:48  SCV x3  
  106  6:53  Supply Depot  
  107  7:00  Supply Depot  
  105  7:02  Armory  
  105  7:03  Marine x2  
  105  7:04  Marine x3  
  105  7:07  Siege Tank  
  113  7:08  Barracks Reactor x2  
  113  7:13  SCV x3  
  116  7:21  Marine  
  117  7:24  Marine x4  
  117  7:26  Medivac x2  
  117  7:27  Supply Depot  
  124  7:30  Supply Depot  
  124  7:39  Siege Tank, Marine  
  124  7:42  Marine x4  
  124  7:43  SCV x2  
  131  7:56  Marine  
  132  8:01  Marine x4  
  128  8:12  Siege Tank  
  123  8:13  SCV x2  
  123  8:15  Terran Infantry Weapons Level 2, SCV, Terran Infantry Armor Level 2  
  123  8:18  Marine x5  
  123  8:19  Marine  
  129  8:23  Marine x3  
  132  8:30  SCV x2  
  132  8:31  Medivac x2, SCV  
  139  8:36  Marine  
  139  8:38  Barracks x2  
  139  8:39  Barracks, Marine x3, Supply Depot  
  139  8:40  Supply Depot  
  141  8:46  Marine x2  
  141  8:53  Marine  
  141  9:00  Siege Tank, Marine x5  
  149  9:02  Supply Depot  
  149  9:08  Missile Turret  
  149  9:10  Marine x3, Missile Turret  
  149  9:11  Medivac, Marine  
  155  9:18  Marine x2  
  155  9:20  Marine x3  
  152  9:33  Siege Tank, Marine x3  
  152  9:34  Marine x2  
  152  9:35  Command Center  
  152  9:37  SCV x2  
  158  9:42  Marine x4  
  158  9:45  Marine x2  
  164  9:56  Marine  
  165  10:07  Marine x8  
  165  10:08  Medivac, Marine  
  165  10:14  Factory  
  165  10:16  Barracks Tech Lab  
  165  10:28  Barracks Tech Lab x3  
  165  10:32  Widow Mine  
  165  10:33  Marine x2  
  165  10:34  Marauder, Marine  
  165  10:35  Marine  
  156  10:40  Supply Depot  
  156  10:41  Terran Infantry Weapons Level 3  
  156  10:42  Supply Depot  
  155  10:44  Drilling Claws  
  155  10:46  SCV x2  
  155  10:47  SCV  
  158  10:53  Widow Mine  
  158  10:55  Marauder, Missile Turret, Supply Depot  
  162  10:58  SCV  
  162  10:59  SCV x2  
  165  11:04  Missile Turret  
  165  11:08  Planetary Fortress  
  165  11:15  SCV x2  
  165  11:16  Factory Reactor, SCV  
  165  11:17  Widow Mine  
  169  11:27  SCV  
  169  11:28  SCV x2  
  169  11:29  Barracks Tech Lab  
  174  11:33  Marauder x2  
  174  11:36  Barracks, Terran Infantry Armor Level 3  
  174  11:38  Sensor Tower  
  174  11:39  Widow Mine, Missile Turret  
  178  11:42  Missile Turret  
  178  11:44  SCV  
  178  11:45  SCV x2  
  180  12:03  Reaper  
  180  12:05  Marine x3  
  180  12:06  Marauder x2, Marine  
  176  12:10  Widow Mine x2  
  176  12:11  Medivac, Widow Mine  
  176  12:12  Supply Depot  
  176  12:14  Supply Depot x3  
  178  12:17  Supply Depot  
  178  12:18  Command Center, Missile Turret  
  176  12:27  Barracks Tech Lab  
  176  12:34  Widow Mine x2  
  176  12:35  Medivac, Widow Mine  
  176  12:36  Marauder x2, Marine, Missile Turret  
  189  12:41  Marine x3  
  191  12:50  Marine x5, Orbital Command  
  184  12:53  Marine, Supply Depot  
  172  12:58  Marine x2  
  160  13:17  Marine x4  
  161  13:21  Medivac  
  161  13:27  Marine x2  
  161  13:40  Medivac  
  160  13:42  Concussive Shells  
  152  13:49  Widow Mine  
  152  13:50  Widow Mine  
  152  14:01  Widow Mine  
  152  14:02  Medivac  
  153  14:03  Marine  
  153  14:11  Widow Mine x2  
  148  14:26  Missile Turret  
  148  14:30  Marauder, Marine x6  
  148  14:31  Marauder  
  127  14:33  Marine x3  
  93  14:48  Marine x5  
Tags
 
Add a new tag
Caveats
  • Supply blocks, unpowered buildings, or Contaminate may cause inaccurate times.
  • Supply counts are checked every 10 seconds.